Map: Imperio eterno EE

Players

MrFercho - Winner!

  • Race: Zerg Zerg
  • League: Gold
  • Spawn Location: 7:00

neno

  • Race: Terran Terran
  • League: Gold
  • Spawn Location: 1:00

VOD

Have the link to the VOD?

Description

Time

  • Played on: Aug. 22, 2020, 11:28 p.m.
  • Length: 23:09
Show
View Real Time Build Order
Export as new Build Order

MrFercho Zerg - Winner!

Build Orders: Hatch First, Lurkers 

Get SALT Encoding   

  12  0:00  Drone  
  13  0:14  Overlord  
  13  0:18  Drone  
  14  0:32  Drone x2  
  16  0:50  Hatchery  
  16  0:52  Drone  
  16  0:56  Drone  
  17  1:00  Drone  
  18  1:10  Extractor  
  17  1:17  Spawning Pool  
  16  1:19  Drone  
  16  1:22  Drone  
  18  1:29  Drone  
  19  1:44  Drone  
  20  1:52  Overlord  
  20  2:03  Drone x2  
  20  2:05  Queen x2  
  26  2:14  Zergling x4  
  28  2:26  Overlord  
  28  2:27  Drone  
  30  2:37  Drone x2  
  31  2:49  Metabolic Boost  
  31  2:51  Lair  
  31  3:04  Drone x4  
  35  3:12  Overlord  
  31  3:28  Overlord x2  
  28  3:47  Zergling x10  
  28  3:48  Zergling x4  
  30  4:21  Drone  
  30  4:22  Drone x5  
  36  4:33  Queen  
  38  4:39  Drone x2  
  40  4:54  Drone x2  
  42  5:06  Drone x4  
  46  5:10  Spore Crawler  
  46  5:12  Spore Crawler  
  44  5:17  Drone  
  44  5:18  Drone x2  
  47  5:21  Extractor  
  47  5:23  Queen  
  47  5:25  Extractor  
  47  5:38  Overseer  
  47  5:51  Baneling Nest  
  47  5:55  Drone x6  
  47  5:56  Overlord  
  51  6:17  Extractor  
  50  6:20  Hatchery, Overseer  
  50  6:23  Hatchery  
  50  6:25  Pneumatized Carapace  
  48  6:39  Overlord x2  
  48  6:40  Overlord  
  48  6:42  Drone  
  48  6:43  Drone x2  
  51  6:48  Zergling x2  
  51  6:49  Zergling x6  
  55  7:04  Drone x2  
  55  7:05  Spine Crawler  
  56  7:13  Queen  
  58  7:24  Baneling x2, Hatchery  
  58  7:25  Baneling x3  
  58  7:27  Zergling x12  
  63  7:43  Drone x7  
  70  7:44  Drone  
  70  7:45  Drone  
  72  8:03  Hydralisk Den  
  72  8:04  Drone x5  
  72  8:05  Hydralisk Den  
  75  8:18  Overseer  
  75  8:23  Zergling x18  
  75  8:24  Overlord x3  
  84  8:39  Spine Crawler  
  83  8:42  Overlord x2  
  83  8:43  Overlord  
  83  8:46  Muscular Augments, Grooved Spines  
  83  8:51  Spore Crawler  
  83  8:53  Drone x2  
  83  8:54  Hydralisk x3, Spine Crawler, Drone x3  
  83  8:55  Hydralisk, Spine Crawler  
  91  8:59  Overlord  
  92  9:20  Hydralisk  
  92  9:21  Hydralisk x7  
  108  9:31  Spire  
  107  9:40  Nydus Network  
  107  9:44  Spore Crawler  
  105  9:48  Drone x5  
  105  9:49  Drone x4  
  105  9:50  Spore Crawler  
  113  9:54  Extractor  
  113  9:55  Extractor  
  111  10:16  Hydralisk  
  111  10:17  Hydralisk x8, Evolution Chamber  
  111  10:18  Hydralisk  
  130  10:38  Nydus Canal  
  130  10:41  Zergling x14  
  130  10:42  Zergling x22  
  148  11:03  Zergling x2  
  149  11:06  Overlord  
  149  11:07  Overlord x3  
  133  11:31  Baneling x6  
  124  11:42  Hydralisk  
  124  11:43  Hydralisk x13  
  147  11:54  Overlord x2  
  147  12:03  Drone x4  
  151  12:18  Lurker Den  
  151  12:19  Zergling x2  
  151  12:20  Zergling x18, Infestation Pit  
  159  12:34  Zerg Missile Weapons Level 1  
  159  12:40  Evolution Chamber  
  158  12:48  Corruptor  
  158  12:49  Corruptor x4  
  168  12:56  Drone  
  168  12:57  Drone x2  
  171  13:04  Overlord  
  171  13:10  Hive  
  171  13:11  Extractor, Hatchery  
  169  13:16  Extractor  
  168  13:21  Zerg Flyer Weapons Level 1  
  168  13:23  Hydralisk x5  
  178  13:33  Lurker  
  179  13:36  Lurker  
  177  14:21  Lurker x4  
  174  14:32  Hydralisk  
  174  14:33  Hydralisk x7  
  190  14:40  Drone  
  190  14:41  Drone x4  
  190  14:42  Drone  
  190  14:44  Drone x3  
  199  14:53  Nydus Canal  
  199  15:00  Seismic Spines  
  190  15:23  Corruptor x4  
  166  15:57  Adaptive Talons  
  166  15:59  Hydralisk  
  166  16:00  Hydralisk x14  
  157  16:34  Hydralisk x2  
  157  16:35  Hydralisk x12  
  178  16:44  Zerg Missile Weapons Level 2  
  178  16:48  Zerg Melee Weapons Level 1  
  178  16:53  Lurker  
  173  17:14  Corruptor x4  
  177  17:29  Spore Crawler  
  176  17:31  Spore Crawler  
  176  17:34  Spine Crawler  
  176  17:36  Drone  
  175  17:38  Drone x3  
  178  17:49  Greater Spire  
  178  18:15  Hatchery  
  178  18:17  Overlord x3  
  176  18:59  Zerg Ground Armor Level 1  
  176  19:03  Brood Lord x4  
  176  19:04  Brood Lord  
  170  19:31  Lurker x4  
  165  19:40  Hydralisk x15  
  165  19:41  Hydralisk x2  
  137  20:39  Hatchery  
  130  20:54  Overlord x5  
  130  20:55  Overlord x4  
  121  22:19  Hatchery  
  121  22:20  Hatchery  
  119  22:29  Hatchery  
Show
View Real Time Build Order
Export as new Build Order

neno Terran 

Build Orders:  

Get SALT Encoding   

  12  0:00  SCV  
  13  0:15  Supply Depot  
  13  0:18  SCV  
  14  0:30  SCV  
  15  1:07  SCV  
  16  1:12  Barracks x2  
  16  1:13  Barracks  
  16  1:19  SCV  
  17  1:31  SCV  
  18  1:43  SCV  
  19  1:51  Supply Depot  
  19  1:56  SCV  
  20  2:11  Marine  
  21  2:18  Marine  
  21  2:21  SCV  
  23  2:28  Marine  
  23  2:29  Barracks, Marine  
  25  2:34  Supply Depot  
  25  2:35  Marine  
  26  2:46  Marine  
  26  2:47  Marine  
  28  2:53  Marine  
  29  3:02  Supply Depot  
  29  3:04  Marine  
  29  3:05  Marine  
  31  3:11  Marine  
  32  3:22  Marine  
  32  3:23  Marine  
  30  3:29  Marine  
  25  3:39  Marine  
  25  3:40  Marine  
  26  3:47  Marine  
  26  3:55  Refinery  
  25  3:57  Marine  
  25  3:58  Refinery  
  24  4:15  Marine  
  23  4:25  Command Center  
  23  4:32  Marine  
  24  4:42  Orbital Command  
  25  4:56  Barracks Tech Lab  
  24  5:02  Factory  
  24  5:10  SCV  
  24  5:14  Engineering Bay  
  25  5:17  Marine  
  26  5:22  SCV  
  27  5:34  SCV  
  27  5:35  Bunker, Marine  
  29  5:45  Refinery  
  29  5:50  Refinery  
  29  5:53  Marine  
  29  5:55  SCV  
  31  6:07  SCV  
  31  6:09  Orbital Command  
  31  6:10  Marine  
  33  6:13  Factory Tech Lab  
  33  6:16  Starport  
  33  6:19  SCV  
  34  6:36  SCV  
  34  6:37  SCV  
  36  6:41  Armory  
  36  6:48  SCV  
  36  6:54  Fusion Core  
  37  6:55  Starport Tech Lab  
  37  7:03  Siege Tank  
  37  7:06  SCV  
  41  7:09  SCV  
  41  7:15  Viking  
  44  7:18  SCV  
  44  7:21  SCV  
  46  7:30  Command Center, SCV  
  47  7:52  Cyclone  
  47  7:54  SCV x2  
  47  7:55  Terran Ship Weapons Level 1  
  52  8:06  SCV  
  52  8:07  Battlecruiser  
  59  8:33  Supply Depot  
  59  8:37  Supply Depot  
  59  8:45  SCV  
  59  8:47  Orbital Command  
  60  8:57  SCV  
  60  8:58  SCV  
  62  9:09  SCV  
  62  9:10  SCV  
  63  9:20  Battlecruiser  
  63  9:21  SCV, Orbital Command  
  63  9:22  Siege Tank  
  73  9:31  SCV  
  73  9:33  SCV  
  75  9:43  SCV  
  75  9:45  SCV  
  77  9:50  Terran Ship Weapons Level 2  
  77  9:53  Refinery  
  77  10:00  Starport  
  77  10:05  Armory  
  77  10:06  SCV x2  
  79  10:10  SCV  
  79  10:13  Refinery  
  80  10:18  SCV  
  81  10:22  SCV  
  81  10:27  Battlecruiser  
  88  10:35  SCV  
  89  10:42  Sensor Tower  
  89  10:45  Starport Tech Lab  
  89  10:46  Siege Tank  
  89  10:47  SCV  
  89  10:49  Supply Depot  
  93  10:53  Supply Depot  
  91  10:59  SCV  
  69  11:29  Battlecruiser  
  75  11:39  Fusion Core, Terran Vehicle And Ship Armor Level 1  
  75  11:49  Command Center  
  75  12:04  Starport  
  75  12:05  Orbital Command  
  75  12:35  SCV  
  76  12:47  Battlecruiser, SCV  
  83  12:53  Refinery  
  83  12:55  Refinery  
  83  12:56  Weapon Refit  
  83  12:59  SCV  
  83  13:02  Terran Ship Weapons Level 3  
  84  13:06  Unknown  
  84  13:09  SCV  
  84  13:11  SCV  
  86  13:21  Engineering Bay  
  86  13:22  Command Center, SCV  
  86  13:23  SCV  
  86  13:26  Missile Turret  
  88  13:33  Terran Vehicle And Ship Armor Level 2  
  88  13:35  SCV  
  88  13:37  SCV  
  90  13:45  Missile Turret  
  90  13:46  Missile Turret  
  90  13:47  SCV  
  90  13:48  Missile Turret  
  91  13:49  SCV  
  92  13:59  SCV  
  92  14:01  SCV  
  93  14:11  SCV  
  93  14:13  SCV  
  93  14:15  SCV  
  82  14:23  SCV  
  78  14:25  SCV  
  78  14:27  SCV  
  80  14:32  Battlecruiser x2  
  80  14:33  Starport Tech Lab  
  80  14:37  SCV  
  93  14:39  SCV  
  93  14:41  SCV  
  95  14:47  Supply Depot  
  95  14:49  SCV  
  95  14:50  Supply Depot  
  95  14:51  Supply Depot, SCV  
  97  14:52  Neosteel Armor  
  97  14:53  SCV  
  97  14:59  Planetary Fortress  
  98  15:01  SCV  
  98  15:02  Missile Turret  
  98  15:03  SCV  
  100  15:13  Planetary Fortress  
  99  15:15  SCV  
  97  15:21  Battlecruiser  
  97  15:23  Missile Turret  
  102  15:39  Battlecruiser  
  102  15:40  Starport Tech Lab  
  102  15:42  Missile Turret  
  107  15:55  SCV  
  108  16:02  Missile Turret  
  102  16:07  SCV  
  92  16:19  SCV x2  
  94  16:31  SCV x2  
  80  16:36  Marine  
  76  16:43  SCV  
  76  16:46  Battlecruiser x2  
  88  16:54  Marine  
  86  17:15  SCV  
  87  17:17  Missile Turret  
  87  17:18  Refinery  
  87  17:19  Missile Turret  
  87  17:27  SCV  
  88  17:37  Refinery  
  88  17:39  SCV  
  88  17:40  Refinery  
  89  17:51  SCV  
  89  17:57  Command Center  
  89  17:58  Hi-Sec Auto Tracking  
  90  18:03  SCV  
  91  18:07  Terran Vehicle And Ship Armor Level 3  
  91  18:16  SCV  
  92  18:28  SCV  
  93  18:40  SCV  
  94  18:50  Missile Turret  
  94  18:52  SCV  
  95  19:04  SCV  
  95  19:05  Missile Turret  
  85  19:40  Orbital Command  
  85  20:03  Factory Tech Lab  
Tags
 
Composition
Lurkers
League
GoldGold
Matchup
TvZ
Replay Pack
MrFercho
Spawn Locations
Cross Positions
Add a new tag
Caveats
  • Supply blocks, unpowered buildings, or Contaminate may cause inaccurate times.
  • Supply counts are checked every 10 seconds.